Description

Many ways to Execute the build. this is only one of Many

VOD

https://youtu.be/NXLjYNBp1JY

Build Order

Get SALT Encoding   

  13  0:15  Pylon  
  15  0:35  Gateway  
  16  0:47  Assimilator  
  16  0:55  Probe (Chrono Boost) Chrono Probe @ 1/2 point  
  18  0:59  Gateway  
  18  1:07  Assimilator  
  18  1:12  Probe  
  19  1:22  Cybernetics Core  
  20  1:31  Pylon  
  22  1:58  Stalker (Chrono Boost) Rally Across Map  
  24  1:59  Stalker (Chrono Boost) Rally Across Map  
  24  2:01  Warp Gate, Probe Rally to Natural  
  25  2:16  Adept x2  
  29  2:20  A Strong Heart Watch For Reaper... this is where Things Get Crazy  
  31  2:30  Enhanced Targeting Focus is KEY; Shade the adepts  
  31  2:42  Nexus Stalkers are AT The Opponents Natural Choke  
  31  2:48  Enhanced Targeting Shade The Adepts  
  31  2:54  Stargate  
  31  2:56  Enhanced Targeting  
  31  3:05  Pylon  
  31  3:26  Nexus  
  31  3:32  Oracle  
  34  3:35  Action Depending on what you See and how you pace the game; Depends on what you do from here.  
Spawning Tool Build Advisor. Get it on Overwolf

Analysis

No Need to Block, Stalkers will pop before the reaper gets in; if the reaper shows up before the stalkers and you Chrono'd from the start this means it was either a Really fast reaper or a Proxy. if they scout the build save the First Chrono(DO NOT CHRONO THE PROBE) and use it on the 1st adept. the reaper will walk in as your outside * the Chrono on the Adept will stop this reaper from doing damage.

Go to:

Details

  • Created by: Sc2KiiiA     
  • Published on: Sep 03, 2020
  • Modified on: Sep 03, 2020
  • Patch: 4.11.0
  • Difficulty: Medium
Show
View Real Time Build Order
Export as new Build Order

Comments (0)

There are no comments. Be the first!

Create an account to comment!